Map: Babylon LE

Players

winzboy

  • Race: Protoss Protoss
  • League: Gold
  • Spawn Location: 5:00

멍멍 - Winner!

  • Race: Terran Terran
  • League: Gold
  • Spawn Location: 11:00

VOD

Have the link to the VOD?

Description

Time

  • Played on: May 22, 2023, 3:27 a.m.
  • Length: 18:21
Show
View Real Time Build Order
Export as new Build Order

winzboy Protoss 

Build Orders: 1 Gate Expand 

Get SALT Encoding   

  12  0:02  Probe  
  13  0:18  Probe (Chrono Boost)  
  14  0:25  Pylon  
  14  0:37  Probe  
  15  0:49  Probe  
  16  0:54  Gateway, Assimilator  
  16  1:01  Probe  
  17  1:13  Probe  
  18  1:25  Probe  
  19  1:33  Nexus  
  19  1:46  Cybernetics Core  
  19  1:47  Probe  
  20  1:57  Assimilator  
  20  1:59  Probe  
  21  2:11  Probe, Pylon  
  22  2:20  Warp Gate  
  22  2:23  Probe  
  22  2:29  Stalker (Chrono Boost)  
  23  2:35  Probe  
  26  2:47  Probe  
  27  2:52  Robotics Facility  
  27  2:55  Gateway  
  27  3:00  Probe x2  
  29  3:17  Gateway  
  29  3:19  Probe x2  
  30  3:31  Probe x2  
  32  3:35  Stalker (Chrono Boost)  
  34  3:54  Observer  
  28  4:22  Stalker  
  28  4:23  Stalker  
  28  4:24  Stalker  
  34  4:25  Probe x2  
  36  4:37  Probe x2  
  38  4:44  Pylon  
  38  4:47  Pylon  
  38  4:49  Probe x2, Twilight Council  
  40  4:53  Gateway  
  40  4:54  Gateway  
  38  5:01  Probe  
  39  5:22  Stalker x3  
  39  5:24  Probe x2  
  41  5:36  Probe x2  
  43  5:48  Probe  
  44  5:55  Probe  
  43  6:05  Probe  
  43  6:07  Probe  
  41  6:18  Probe  
  42  6:19  Probe  
  42  6:31  Probe  
  41  6:33  Probe  
  42  6:43  Probe, Pylon  
  42  6:45  Probe  
  44  6:47  Gateway  
  44  6:49  Gateway  
  44  6:50  Gateway  
  44  6:55  Probe  
  44  6:57  Probe  
  46  7:08  Probe  
  47  7:09  Zealot  
  47  7:10  Zealot x2  
  53  7:21  Pylon  
  38  7:37  Zealot x3  
  40  7:38  Zealot  
  42  7:47  Zealot  
  44  7:55  Zealot x2  
  44  7:57  Zealot  
  44  7:58  Zealot x3  
  44  8:24  Zealot x2  
  44  8:25  Zealot x3  
  48  8:32  Zealot  
  48  8:33  Charge (Chrono Boost)  
  42  8:51  Zealot x2  
  42  8:52  Zealot x2  
  50  9:03  Probe x2  
  50  9:09  Pylon  
  52  9:30  Zealot  
  52  9:31  Zealot  
  50  9:32  Zealot  
  50  9:49  Zealot  
  50  9:50  Zealot x3  
  50  9:51  Zealot  
  50  10:18  Pylon  
  50  10:19  Assimilator  
  50  10:22  Assimilator  
  48  10:42  Zealot  
  36  10:43  Zealot x3  
  36  10:44  Zealot x2  
  36  10:48  Zealot  
  40  11:06  Zealot x3  
  40  11:07  Zealot  
  36  11:31  Zealot  
  36  11:32  Zealot x3  
  42  11:33  Zealot  
  44  11:46  Zealot  
  46  11:47  Zealot  
  47  11:57  Zealot x2  
  52  12:08  Probe x2  
  52  12:14  Zealot  
  55  12:15  Zealot  
  55  12:20  Probe x2  
  57  12:34  Zealot x2  
  57  12:35  Zealot  
  57  12:46  Zealot x2  
  54  13:06  Zealot x3  
  58  13:37  Nexus  
  58  13:41  Assimilator  
  52  14:07  Zealot x2  
  56  14:21  Cybernetics Core  
  56  14:25  Pylon  
  56  14:28  Pylon  
  56  14:31  Pylon  
  56  14:37  Gateway  
  56  14:39  Gateway  
  56  14:40  Gateway  
  56  14:41  Zealot x2  
  56  14:42  Zealot  
  62  14:58  Stalker x2  
  62  14:59  Stalker  
  68  15:04  Probe  
  69  15:16  Probe (Chrono Boost)  
  69  15:18  Stalker x2  
  74  15:28  Probe (Chrono Boost)  
  75  15:34  Zealot  
  77  15:35  Zealot  
  77  15:36  Probe (Chrono Boost)  
  71  15:59  Stalker x2  
  71  16:00  Stalker  
  59  16:14  Stalker  
  59  16:15  Stalker x2  
  65  16:21  Probe (Chrono Boost)  
  66  16:31  Probe (Chrono Boost)  
  67  16:36  Probe (Chrono Boost)  
  68  16:47  Probe  
  62  17:01  Probe  
  56  17:13  Probe  
  35  17:25  Probe (Chrono Boost)  
  16  17:37  Probe (Chrono Boost)  
  16  17:44  Probe (Chrono Boost)  
  17  17:52  Probe  
  18  18:04  Probe  
  19  18:07  Zealot  
  19  18:08  Zealot x2  
  25  18:13  Zealot  
Show
View Real Time Build Order
Export as new Build Order

멍멍 Terran - Winner!

Build Orders: 2 Factory 

Get SALT Encoding   

  12  0:00  SCV  
  13  0:12  SCV  
  14  0:17  Supply Depot  
  14  0:24  SCV  
  15  0:28  Refinery  
  15  0:38  SCV  
  16  0:44  Barracks  
  16  0:52  SCV  
  17  1:01  Refinery  
  17  1:04  SCV  
  18  1:17  SCV  
  18  1:18  Supply Depot  
  19  1:29  SCV  
  19  1:31  Reaper  
  21  1:40  Ghost Academy  
  21  1:49  Orbital Command  
  21  2:03  Barracks Tech Lab  
  21  2:12  Personal Cloaking  
  21  2:14  SCV  
  22  2:26  SCV, Factory  
  23  2:31  Ghost  
  25  2:38  SCV  
  26  2:59  Command Center  
  27  3:13  Ghost  
  27  3:23  Factory  
  27  3:24  SCV  
  28  3:36  SCV  
  29  3:41  Ghost  
  31  4:10  Marine  
  31  4:11  SCV  
  33  4:23  SCV  
  34  4:28  Marine  
  35  4:32  Factory Tech Lab  
  35  4:35  SCV, Nuke  
  36  4:43  Orbital Command  
  36  4:46  Marine  
  36  4:47  SCV  
  38  4:59  SCV  
  39  5:04  Marine  
  39  5:05  Siege Tank  
  43  5:11  SCV  
  43  5:13  Barracks  
  42  5:15  Barracks  
  42  5:22  Marine  
  42  5:23  SCV  
  44  5:39  Marine  
  44  5:41  Siege Tank  
  46  5:46  Supply Depot x2  
  46  6:07  Marine  
  47  6:12  Marine  
  47  6:13  Marine, Siege Tank  
  52  6:25  Marine  
  52  6:30  Marine x2  
  55  6:38  Stimpack  
  53  6:43  Marine  
  53  6:45  Siege Tank  
  57  6:48  Marine x2  
  58  7:01  Marine  
  59  7:03  Barracks  
  59  7:06  Marine x2  
  60  7:19  Siege Tank  
  60  7:21  Marine  
  62  7:24  Marine  
  62  7:25  Marine  
  62  7:29  Command Center  
  53  7:37  Command Center  
  53  7:38  Marine  
  53  7:41  Marine  
  53  7:43  Marine  
  55  7:51  Siege Tank  
  58  7:56  Marine  
  59  7:59  Marine  
  59  8:00  Marine  
  61  8:14  Marine  
  61  8:18  Marine x2  
  61  8:23  Siege Tank  
  60  8:32  Marine  
  56  8:36  Marine x2  
  58  8:47  Orbital Command, Supply Depot  
  58  8:50  Marine  
  58  8:53  SCV x3  
  58  8:54  Marine x2  
  58  8:55  Siege Tank  
  67  9:03  Supply Depot  
  67  9:05  SCV x3, Supply Depot  
  67  9:06  Armory  
  67  9:07  Marine  
  71  9:11  Marine  
  71  9:12  Marine  
  73  9:17  SCV x2  
  73  9:18  SCV  
  76  9:25  Marine  
  76  9:27  Siege Tank  
  76  9:29  Marine  
  76  9:30  Marine  
  76  9:43  Marine  
  77  9:47  Marine x2  
  75  10:01  Marauder  
  75  10:05  Marine x2  
  73  10:10  Siege Tank  
  74  10:18  Barracks, Factory  
  74  10:22  Starport, Marine  
  74  10:23  Marine x2  
  74  10:28  Refinery  
  77  10:29  Refinery  
  77  10:31  SCV x3  
  79  10:40  Marine x2  
  79  10:41  Marine  
  79  10:42  Siege Tank  
  75  10:43  SCV x3  
  71  10:55  SCV x3  
  74  10:58  Marine x2  
  74  10:59  Marine  
  77  11:04  Engineering Bay  
  77  11:05  Factory Tech Lab  
  77  11:07  SCV x3, Factory Reactor  
  77  11:10  Barracks Reactor x2  
  80  11:12  Starport Reactor  
  80  11:13  SCV  
  80  11:14  Siege Tank  
  80  11:16  Marine x3  
  86  11:19  SCV x3  
  79  11:34  Marine x3  
  79  11:37  SCV  
  79  11:38  Planetary Fortress  
  83  11:40  SCV x2  
  83  11:46  Siege Tank  
  88  11:49  SCV  
  88  11:51  Marine  
  88  11:52  Marine x2, SCV  
  88  11:53  Marine x4, Refinery  
  97  11:54  Medivac x2  
  97  11:55  Refinery  
  101  12:06  Refinery  
  101  12:09  SCV x2, Refinery, Marine x2  
  101  12:10  Marine  
  101  12:11  Marine x3  
  109  12:16  Hellion x2  
  109  12:18  Siege Tank  
  116  12:26  Medivac  
  116  12:27  Marine x2  
  116  12:28  Marine  
  102  12:37  Hellion x2  
  102  12:39  Marine x4  
  110  12:45  Marine x2, Marauder  
  114  12:56  Marine  
  114  12:57  Marine  
  112  12:59  Hellion x2  
  105  13:07  Marauder  
  105  13:11  Marine x2  
  105  13:12  Marine x2  
  108  13:20  Hellion x2  
  108  13:26  Medivac x2  
  113  13:28  Marauder  
  113  13:31  Starport  
  113  13:33  Starport  
  109  13:49  Marauder  
  97  13:55  Medivac  
  97  13:56  Medivac  
  93  14:08  Marine  
  94  14:11  Marauder  
  94  14:13  Marine x3  
  94  14:14  Marine x2  
  99  14:22  Supply Depot  
  99  14:24  Supply Depot  
  99  14:25  Medivac  
  99  14:26  Marine, Supply Depot  
  99  14:29  Supply Depot  
  99  14:31  Marine x4  
  103  14:32  Marine, Marauder  
  103  14:33  Engineering Bay  
  103  14:34  Terran Vehicle Weapons Level 1  
  103  14:35  Terran Infantry Weapons Level 1  
  109  14:43  Marine  
  109  14:44  Armory  
  110  14:47  Supply Depot  
  110  14:48  Marine  
  110  14:49  Marine x4, Supply Depot  
  110  14:52  Supply Depot  
  115  14:54  Marauder  
  117  15:01  Marine, Starport  
  117  15:02  Hellion  
  117  15:05  Hellion x2  
  117  15:06  Marine  
  117  15:07  Marine x4  
  125  15:11  Liberator x2  
  125  15:13  Supply Depot  
  133  15:14  Supply Depot  
  133  15:15  Marauder  
  135  15:24  Hellion, Marine x3  
  135  15:25  Marine x3  
  135  15:26  Hellion  
  135  15:27  Hellion  
  147  15:36  Marauder  
  147  15:42  Marine  
  150  15:45  Hellion  
  150  15:46  Marine  
  150  15:47  Marine x4  
  150  15:48  Hellion x2  
  150  15:49  Liberator  
  164  15:54  Liberator x2  
  170  15:58  Marauder  
  170  15:59  Marine  
  173  16:04  Marine x3  
  173  16:05  Marine x2  
  173  16:06  Hellion  
  173  16:09  Hellion x2  
  166  16:17  Marine  
  167  16:19  Marauder  
  167  16:22  Marine x5  
  174  16:28  Hellion  
  174  16:32  Liberator  
  179  16:35  Marine  
  179  16:36  Liberator  
  179  16:37  Liberator  
  186  16:40  Marine x2  
  186  16:45  Supply Depot  
  188  16:50  Marine  
  188  16:51  Marine x2  
  188  16:53  Marine, Marauder  
  185  16:58  Marine x2  
  180  17:01  Command Center  
  180  17:08  Marine  
  175  17:09  Marine x2  
  175  17:11  Marine  
  175  17:14  Marine  
  175  17:15  Liberator, Marine  
  173  17:16  Marine  
  173  17:19  Liberator  
  173  17:20  Liberator  
  176  17:25  Marine  
  176  17:26  Marine  
  176  17:27  Marine  
  175  17:31  Marine  
  176  17:49  Marine  
  177  17:53  Marine x2  
  177  17:54  Marine x4  
  186  18:01  Command Center  
Tags
 
Add a new tag
Caveats
  • Supply blocks, unpowered buildings, or Contaminate may cause inaccurate times.
  • Supply counts are checked every 10 seconds.